← All builds
Front / Armada / Economy first / OBSERVED BUILD

Standard front

Armada Front build order · Supreme Isthmus

Standard economy-first Front play: Bot Lab and Vehicle Plant up immediately, units trickle to the coast and middle, with an Advanced Metal Extractor around 9:00 as the eco transition.

#eco · 1699 distinct matches · 247 players · 74% of Armada Front games · team won 61% of 1993 · Recently observed

HOW TO PLAY IT

Key timing: T2 constructor by 7:43

  1. Open mex and wind, drop Bot Lab and Vehicle Plant almost immediately.
  2. Pump Blitz, Rocketeer and Pawn to the coast to stop leaks first.
  3. Add Centurion and Janus once first units are moving up.
  4. Form units into a line pushing toward middle as numbers grow.
  5. Upgrade to Advanced Metal Extractor as the economy transition kicks in.

Phase by phase

TYPICAL OF ITS 1699 GAMES
  1. 1
  2. 2
  3. 3
PLAY THE OPENING

Follow the example game's first 6:00 step by step: what to build now, what comes next, and where it goes. At 1× it keeps pace with your own game.

  1. 1

    Up to the Bot Lab

    Economy
    • Metal Extractor2Mex
    Order
    1. Bot LabBot Lab after 2 mex, 1 winddone ~0:44, middle half 0:33–0:54

    Some games also: wind (48%) · Vehicle Plant (35%)

    By 0:28 in all: 2 mex

    The example game in this phase · 2 steps
    1. Mex ×2
    2. Bot LabBot Labdone 0:33 · typical 0:44
  2. 2

    Bot Lab to 5:00

    Economy
    • Metal Extractor4Mex
    • Wind Turbine3Wind
    Builders
    • Construction Bot1 Con bot
    Army
    • Sentry1 Sentry
    • Rocketeer6 Rocketeer

    Some games also: Lazarus (49%) · tick (46%) · centurion (40%) · con vehicle (32%) · janus (32%)

    By 5:00 in all: 6 mex · 6 wind

    The example game in this phase · 34 steps
    1. TickTick
    2. Wind
    3. TickTick
    4. Wind
    5. TickTick ×2
    6. Mex
    7. TickTick
    8. LazarusLazarus
    9. Construction BotCon bot ×3
    10. LazarusLazarus
    11. Mex
    12. PawnPawn ×2
    13. Mex
    14. RocketeerRocketeer ×5
    15. Mex
    16. LazarusLazarus
    17. Mex
    18. RocketeerRocketeer
    19. SentrySentry ×2
    20. RocketeerRocketeer ×2
    21. SentrySentry
    22. RocketeerRocketeer ×2
    23. Construction BotCon bot
    24. SentrySentry
    25. RocketeerRocketeer ×3
    26. Dragon's TeethDragon's Teeth ×3
    27. RocketeerRocketeer
    28. Dragon's TeethDragon's Teeth ×2
    29. RocketeerRocketeer
    30. LazarusLazarus
    31. RocketeerRocketeer
    32. BeamerBeamer
    33. CenturionCenturion ×2
    34. BeamerBeamer
  3. 3

    5:00 to 10:00

    Economy
    • Metal Extractor1Mex
    • Wind Turbine14Wind
    Builders
    • Construction Turret2 Con turret
    Army
    • Sentry1 Sentry

    Some games also: rocketeer (46%) · energy storage (43%) · Lazarus (38%) · con bot (37%) · Radar Tower (36%)

    By 10:00 in all: 7 mex · 24 wind · 1 energy storage · 3 con turret

    The example game in this phase · 87 steps
    1. RocketeerRocketeer ×5
    2. LazarusLazarus
    3. Wind
    4. LazarusLazarus
    5. RocketeerRocketeer
    6. Wind
    7. LazarusLazarus
    8. Advanced Metal ExtractorT2 mexdone 7:39 · typical 9:01
    9. SentrySentry
    10. RocketeerRocketeer ×2
    11. SentrySentry
    12. Wind
    13. RocketeerRocketeer ×2
    14. Mex
    15. RocketeerRocketeer
    16. Wind
    17. SentrySentry
    18. Solar
    19. Construction BotCon bot
    20. LazarusLazarus
    21. SentrySentry
    22. Wind
    23. Advanced Metal ExtractorT2 mex
    24. SentrySentry
    25. CenturionCenturion
    26. Wind
    27. SentrySentry ×2
    28. Con turret
    29. SentrySentry
    30. Advanced Metal ExtractorT2 mex
    31. SentrySentry
    32. Wind
    33. CenturionCenturion
    34. SentrySentry
    35. Wind
    36. Radar TowerRadar Tower
    37. LazarusLazarus
    38. Wind
    39. LazarusLazarus
    40. Wind ×2
    41. Advanced Metal ExtractorT2 mex
    42. LazarusLazarus
    43. SentrySentry
    44. Wind
    45. LazarusLazarus
    46. Mex
    47. Wind ×2
    48. PawnPawn
    49. Wind
    50. PawnPawn
    51. Con turret
    52. Wind
    53. Con turret
    54. PawnPawn
    55. SentrySentry
    56. Wind
    57. PawnPawn
    58. Advanced Metal ExtractorT2 mex
    59. Wind
    60. Energy storage
    61. PawnPawn
    62. Mex
    63. Radar TowerRadar Tower
    64. PawnPawn
    65. Wind
    66. PawnPawn
    67. Wind
    68. PawnPawn
    69. Wind
    70. PawnPawn
    71. Wind
    72. PawnPawn
    73. Wind ×2
    74. LazarusLazarus
    75. Wind ×2
    76. PawnPawn
    77. Vehicle PlantVehicle Plantdone 12:27 · typical 0:47
    78. Wind
    79. PawnPawn ×2
    80. Advanced Metal ExtractorT2 mex
    81. PawnPawn
    82. Wind ×2
    83. PawnPawn
    84. Wind
    85. PawnPawn
    86. Wind ×2
    87. PawnPawn

Counts are medians over the build's games: half of them build more, half fewer. The example game is HALF_DALLAH_HABIT's (32 OS, 01/10/2026); pick another.

Team trades

IN AT LEAST 30% OF ITS GAMES

You hand over

Nothing regular.

You get

  • Tidal Generator4 Tidal from Pondfirst at 0:17 · in 68% of games
  • Advanced Construction Bot1 T2 con bot from Geo or Techfirst at 7:23 · in 64% of games

How it plays out

Typical game of this build, running totals by minute

Metal produced

010k20k30k
0:005:0010:0015:00

metal

Enemy metal destroyed

05k10k
0:005:0010:0015:00

metal

Own metal lost

05k10k
0:005:0010:0015:00

metal

1993 games.

Show as table
ByMetal produced: This buildEnemy metal destroyed: This buildOwn metal lost: This build
1:0033300
2:008402131
3:001618135108
4:002699522333
5:0038471127787
6:00503519231427
7:00624927142302
8:00753435443173
9:00897343264069
10:001053850054807
11:001237355335547
12:001452759766408
13:001685764686999
14:001922071637826
15:002185478688687
WHAT THE NUMBERS SAY

Standard Front play wins more often than Suicide front and produces more metal by 15:00 while losing less of it.

  • + Metal produced reaches 22627 by 15:00, well above Suicide front's 20142.
  • + Own metal lost is 8944 by 15:00, lower than enemy metal destroyed ratio of Suicide front.
  • − First unit lost already at 1:43, showing exposure despite the safer position.
  • − Blitz dominates army share at 25%, leaving fewer Centurion for anti-swarm.
THE EXAMPLE YOU ARE READING

HALF_DALLAH_HABIT

32.5 OS · 01/10/2026

Open source match ↗

23 received units · includes a constructor
36 metal received · 8426 energy received

Allied construction assistance is unknown. Timings are observations, not a promise of solo reproducibility.

Typical milestones

Bot Lab0:44Middle 50%: 0:33–0:54 · n=1331
Vehicle Plant0:47Middle 50%: 0:41–1:14 · n=1285
Advanced Metal Extractor9:01Middle 50%: 8:09–10:15 · n=1563

Played most by

haaven107games of this buildHummell107games of this buildLeohvm93games of this buildTheGeneraI75games of this buildXad69games of this build